 Dungeon Crawl Stone Soup version 0.27-a0-1189-gb8eb6cee8e (webtiles) character file.

Game seed: 15709459280254632577

7295 reriks the Thaumaturge (level 10, -34/47 (58) HPs)
             Began as a Deep Elf Hedge Wizard on May 21, 2021.
             Was an Elder of Ashenzari.
             Killed from afar by Josephine (36 damage)
             ... with a ghostly fireball
             ... on level 10 of the Dungeon on May 22, 2021.
             The game lasted 00:44:02 (18520 turns).

reriks the Thaumaturge (Deep Elf Hedge Wizard)     Turns: 18520, Time: 00:44:03

HP:   -34/47 (58)   AC:  3    Str:  7    XL:     10   Next: 89%
MP:   27/36         EV: 16    Int: 23    God:    Ashenzari [****..]
Gold: 1751          SH:  0    Dex: 14    Spells: 16/31 levels left

rFire    . . .     SeeInvis +   B - +7 dagger of the Perceptive Shame {protect, rElec rC+ Stlth+, Cun, Fort} (curse)
rCold    + . .     Faith    .   (no shield)
rNeg     . . .     Spirit   .   b - +0 robe "Gaze Upon Infinity" {Bglg, Fort} (curse)
rPois    .         Reflect  .   c - +0 hat of Supernal Gnosis {Melee, Elem} (curse)
rElec    +         Harm     .   (no cloak)
rCorr    .         Rampage  .   H - +0 pair of gloves of the Cosmos {Evo, Elem} (curse)
Will     +....     Clarity  +   (no boots)
Stlth    +++++.....             (no amulet)
HPRegen  0.15/turn              q - ring of the Sphere {MP+9 Slay+5, Self, Elem} (curse)
MPRegen  0.25/turn              C - ring "Shattered Scepticism" {Wiz, Alch, Elem} (curse)

@: heavily drained
A: no striking features
a: Renounce Religion, Curse Item, Shatter the Chains


You were on level 10 of the Dungeon.
You worshipped Ashenzari.
Ashenzari was greatly pleased with you.
You visited 2 branches of the dungeon, and saw 11 of its levels.
You also visited: Ossuary.

You collected 1751 gold pieces.

Inventory:

Hand Weapons
 a - a +0 dagger
 B - the cursed +7 dagger of the Perceptive Shame (weapon) {protect, rElec rC+ Stlth+, Cun, Fort}
   (You found it on level 5 of the Dungeon)

   It grants its wielder temporary protection when it strikes (+7 to AC).
   It protects you from cold.
   It insulates you from electricity.
   It makes you more stealthy.
   It has a curse which improves the following skills: Cunning: Dodging and
   Stealth.
   Fortitude: Armour and Shields.
Missiles
 A - 4 curare-tipped darts
 M - 5 javelins
Armour
 b - the cursed +0 robe "Gaze Upon Infinity" (worn) {Bglg, Fort}

   It has a curse which improves the following skills: Beguiling: Conjurations,
   Hexes and Translocations.
   Fortitude: Armour and Shields.
 c - the cursed +0 hat of Supernal Gnosis (worn) {Melee, Elem}

   It has a curse which improves the following skills: Melee Combat: Short
   Blades, Long Blades, Axes, Maces & Flails, Polearms, Staves and Unarmed
   Combat.
   Elements:  Fire Magic, Ice Magic, Air Magic and Earth Magic.
 H - the cursed +0 pair of gloves of the Cosmos (worn) {Evo, Elem}
   (You found it on level 6 of the Dungeon)

   It has a curse which improves the following skills: Evocations: Evocations.
   Elements:  Fire Magic, Ice Magic, Air Magic and Earth Magic.
Magical Staves
 j - a staff of air
 o - a staff of earth
Jewellery
 q - the cursed ring of the Sphere (left hand) {MP+9 Slay+5, Self, Elem}
   (You acquired it on level 3 of the Dungeon)

   [ring of magical power]

   It affects your accuracy and damage with ranged weapons and melee attacks
   (+5).
   It affects your magic capacity (+9).
   It has a curse which improves the following skills: Introspection: Fighting
   and Spellcasting.
   Elements:  Fire Magic, Ice Magic, Air Magic and Earth Magic.
 C - the cursed ring "Shattered Scepticism" (right hand) {Wiz, Alch, Elem}
   (You found it on level 6 of the Dungeon)

   [ring of wizardry]

   It improves your spell success rate.
   It has a curse which improves the following skills: Alchemy: Poison Magic and
   Transmutations.
   Elements:  Fire Magic, Ice Magic, Air Magic and Earth Magic.
 K - a ring of magical power
 L - a ring of protection from fire
Wands
 F - a wand of flame (13)
 I - a wand of iceblast (17)
 J - a wand of mindburst (21)
Scrolls
 f - 2 scrolls of holy word
 l - 13 scrolls of identify
 m - 3 scrolls of blinking
 p - 4 scrolls of amnesia
 s - 3 scrolls of enchant armour
 u - 3 scrolls of fear
 v - 2 scrolls of teleportation
 w - 3 scrolls of fog
 x - a scroll of brand weapon
 y - 2 scrolls of magic mapping
 D - a scroll of enchant weapon
 E - a scroll of summoning
Potions
 d - 3 potions of haste
 e - 10 potions of curing
 g - 6 potions of heal wounds
 h - a potion of cancellation
 i - 2 potions of resistance
 k - 2 potions of degeneration
 n - a potion of might
 r - 4 potions of flight
 t - 2 potions of ambrosia
 z - a potion of berserk rage
 G - 5 potions of brilliance


   Skills:
 * Level 2.5(4.4) Fighting
 + Level 7.3(9.6) Dodging
 - Level 7.2(9.6) Stealth
 + Level 9.0(11.2) Spellcasting
 + Level 6.3(8.6) Conjurations
 - Level 4.7 Summonings
 + Level 6.3(8.6) Translocations
 + Level 5.7(11.1) Fire Magic
 + Level 5.8(11.2) Ice Magic
 + Level 5.9(11.3) Earth Magic


You had 16 spell levels left.
You knew the following spells:

 Your Spells              Type           Power      Damage    Failure   Level
a - Magic Dart            Conj           100%       1d8       1%          1
b - Blink                 Tloc           N/A        N/A       1%          2
c - Conjure Flame         Conj/Fire      55%        6-21      1%          3
d - Mephitic Cloud        Conj/Pois/Air  28%        N/A       1%          3
e - Searing Ray           Conj           100%       3d7       1%          2
f - Fulminant Prism       Conj/Hex       16%        3d11      3%          4

Your spell library contained the following spells:

 Spells                   Type           Power      Damage    Failure   Level
 Animate Skeleton         Necr           24%        N/A       1%          1
 Beastly Appendage        Tmut           28%        N/A       1%          1
 Pain                     Necr           48%        1d6       1%          1
 Call Imp                 Summ           34%        N/A       1%          2
 Dazzling Flash           Conj/Hex       66%        N/A       1%          3
 Ice Form                 Ice/Tmut       39%        N/A       1%          4
 Iskenderun's Mystic Bla  Conj/Tloc      52%        2d11      1%          4
 Slow                     Hex            14%        N/A       2%          2
 Wereblood                Tmut           14%        N/A       2%          2
 Spider Form              Tmut/Pois      7%         N/A       5%          3
 Vampiric Draining        Necr           6%         2d6       6%          3
 Animate Dead             Necr           6%         N/A       21%         4
 Hydra Form               Tmut           7%         N/A       43%         5
 Agony                    Necr           12%        N/A       45%         5


Dungeon Overview and Level Annotations

Branches:
Dungeon (10/15)            Temple (0/1) D:7            Lair (1/6) D:8
Ossuary (visited)
    Orc: D:9-12

Altars:
Ashenzari
Fedhas
Hepliaklqana
Kikubaaqudgha
Nemelex Xobeh
Okawaru
Qazlal
Ru
Trog
Uskayaw

Annotations:
D:10 Josephine
Lair:1 Fannar


Message History

Casting: Magic Dart (safe; 1% risk of failure)
Confirm with . or Enter, or press ? or * to list all spells.
The fire begins to smoulder!
The fire ignites!
Casting: Conjure Flame (safe; 1% risk of failure)
Confirm with . or Enter, or press ? or * to list all spells.
Aiming: Searing Ray (safe; 1% risk of failure)
Press: ? - help, Shift-Dir - straight line, f/p - Josephine
Aim: Josephine, wielding a +6 dagger of venom and wearing a +0 robe (lightly wounded, wandering, hasn't noticed you, 83% to hit)
The searing ray hits Josephine!
Josephine is lightly wounded. (Press . to maintain the ray.) Josephine points at you and mumbles some strange words.
The ghostly flame explodes!
The ghostly fireball engulfs you!!
You feel drained.
Ouch! That really hurt!
The searing ray hits Josephine!
Josephine is moderately wounded.
The searing ray hits Josephine!
Josephine is heavily wounded.
The searing ray hits Josephine!
Josephine is severely wounded.
You finish channeling your searing ray.
Josephine gestures at you while chanting.
The ghostly flame explodes!
The ghostly fireball engulfs you!!
You feel drained.
* * * LOW HITPOINT WARNING * * *
Casting: Searing Ray (safe; 1% risk of failure)
Confirm with . or Enter, or press ? or * to list all spells.
Aiming: Searing Ray (safe; 1% risk of failure)
Press: ? - help, Shift-Dir - straight line, f/p - Josephine
Aim: Josephine, wielding a +6 dagger of venom and wearing a +0 robe (severely wounded, 83% to hit)
The searing ray hits Josephine!
Josephine is almost dead. (Press . to maintain the ray.) Josephine casts a spell at you.
The ghostly flame explodes!
The ghostly fireball engulfs you!!!
You feel drained.
Ouch! That really hurt!
You die...

##### *, ######### ,*
####......# ,,
#####.####.####
##.^.....#.#####
##.##.##......######
#####.##.####@##.#########
#####.##.####ยง##.........#
##.)........@.####.##[##.#
##.##.#.##########.##.##.##
##.##.#>##.......#.##....####
#.##<#.##.......#.....{{####
#.##.#.##.......#{####..{{..
#.##.#.##.......#......)....
#......##.......#.#..#......
#.###.###.......#.#..#..####
#.###.###.......#......>#


You could see Josephine.

Vanquished Creatures
  Urug (D:10)
  A troll (D:10)
  A hornet (D:8)
  A shadow (D:10)
  2 wraiths (D:9)
  9 yaks
  A steam dragon (D:7)
  An acid dragon (D:9)
  2 water moccasins
  A hornet zombie (D:5)
  An ice beast (D:5)
  A sky beast (D:8)
  3 black bears
  2 orc warriors
  10 wolves (Lair:1)
  2 ogres
  2 phantoms
  3 centaurs
  A kobold brigand (D:7)
  7 bullfrogs
  5 scorpions
  4 killer bees (D:10)
  6 wights
  A howler monkey (D:8)
  A centaur zombie (D:5)
  4 jellies
  2 centaur skeletons
  A hound (D:6)
  A bullfrog skeleton (D:5)
  An orc priest (D:7)
  3 iguanas
  An orc wizard (D:7)
  A killer bee zombie (D:6)
  8 mummies (Ossuary)
  2 hound skeletons
  2 howler monkey zombies (D:9)
  8 adders
  4 white imps
  3 worms
  2 dart slugs
  11 orcs
  4 ball pythons
  5 bats
  A bat zombie (D:9)
  5 endoplasms
  2 giant cockroaches
  11 goblins
  7 hobgoblins
  14 jackals
  A quokka (D:3)
  A frilled lizard (D:2)
  4 hobgoblin zombies (Ossuary)
  10 kobolds
  3 kobold zombies (Ossuary)
  An orc zombie (Ossuary)
  6 rats
  2 rat zombies
  A fulminant prism (D:9)
201 creatures vanquished.

Vanquished Creatures (others)
  12 fulminant prisms
  A fungus (Lair:1)
  3 plants (Lair:1)
16 creatures vanquished.

Grand Total: 217 creatures vanquished

Notes
Turn   | Place    | Note
-------+----------+-------------------------------------------
     0 | D:1      | reriks the Deep Elf Hedge Wizard began the quest for the
                  | Orb.
     0 | D:1      | Reached XP level 1. HP: 10/10 MP: 7/7
   550 | D:1      | Found a faded altar of an unknown god.
   945 | D:1      | Became a worshipper of Ashenzari the Shackled
  1320 | D:1      | Reached XP level 2. HP: 15/15 MP: 5/9
  2400 | D:1      | Reached XP level 3. HP: 15/19 MP: 2/11
  2680 | D:2      | Reached * piety under Ashenzari
  2896 | D:2      | Learned a level 2 spell: Blink
  2900 | D:2      | Learned a level 3 spell: Conjure Flame
  2906 | D:2      | Learned a level 3 spell: Mephitic Cloud
  3532 | D:2      | Reached skill level 5 in Spellcasting
  3532 | D:2      | Reached XP level 4. HP: 24/24 MP: 7/13
  4681 | D:3      | Identified a scroll of acquirement
  4755 | D:3      | Acquired the ring "Xouc" {MP+9 Slay+5}
  4758 | D:3      | Reached ** piety under Ashenzari
  5378 | D:4      | Found a sand-covered staircase.
  5394 | Ossuary  | Entered an ossuary
  6203 | Ossuary  | Reached XP level 5. HP: 9/28 MP: 7/16
  6853 | Ossuary  | Reached skill level 1 in Earth Magic
  7049 | Ossuary  | Acquired 949 gold pieces
  7074 | D:4      | Found a blossoming altar of Fedhas.
  7079 | D:4      | Found a stormy altar of Qazlal.
  7145 | D:4      | Reached skill level 1 in Fire Magic
  7145 | D:4      | Reached skill level 1 in Ice Magic
  7145 | D:4      | Reached XP level 6. HP: 32/32 MP: 11/17
  8215 | D:5      | Entered Level 5 of the Dungeon
  8604 | D:5      | Reached XP level 7. HP: 36/36 MP: 19/19
  8673 | D:5      | Identified the +7 dagger of the Blowfly {protect, rElec rC+
                  | Stlth+}
  8919 | D:5      | Reached skill level 6 in Spellcasting
  9413 | D:5      | Reached XP level 8. HP: 41/41 MP: 21/21
  9467 | D:5      | Reached skill level 5 in Stealth
 10248 | D:6      | Reached *** piety under Ashenzari
 10435 | D:6      | Found an iron altar of Okawaru.
 11077 | D:6      | Reached skill level 5 in Dodging
 11380 | D:6      | Reached **** piety under Ashenzari
 11614 | D:7      | Reached skill level 7 in Spellcasting
 11621 | D:7      | Reached XP level 9. HP: 39/45 MP: 22/24
 11829 | D:7      | Found a staircase to the Ecumenical Temple.
 12708 | D:7      | Learned a level 2 spell: Searing Ray
 12921 | D:7      | Found a hide-covered altar of Uskayaw.
 13115 | D:7      | Upgraded the game from 0.27-a0-1188-g73eefd5def to
                  | 0.27-a0-1189-gb8eb6cee8e
 13306 | D:8      | Reached skill level 5 in Translocations
 13308 | D:8      | Reached skill level 5 in Conjurations
 13571 | D:8      | Found a bloodstained altar of Trog.
 13793 | D:8      | Found a staircase to the Lair.
 13905 | D:8      | Found a sparkling altar of Nemelex Xobeh.
 14499 | D:9      | Found a hazy altar of Hepliaklqana.
 14589 | D:9      | Reached skill level 8 in Spellcasting
 14589 | D:9      | Reached XP level 10. HP: 50/50 MP: 15/26
 14591 | D:9      | Reached skill level 5 in Earth Magic
 14896 | D:9      | Found a sacrificial altar of Ru.
 15083 | D:9      | Learned a level 4 spell: Fulminant Prism
 15185 | D:9      | Reached skill level 5 in Ice Magic
 15589 | D:9      | Found an ancient bone altar of Kikubaaqudgha.
 15803 | D:10     | Entered Level 10 of the Dungeon
 15815 | D:10     | Reached skill level 5 in Fire Magic
 16139 | D:10     | Noticed Josephine
 16219 | Lair:1   | Entered Level 1 of the Lair of Beasts
 16644 | Lair:1   | Reached skill level 1 in Fighting
 18194 | Lair:1   | Noticed Fannar
 18295 | D:10     | Noticed Urug
 18316 | D:10     | Killed Urug
 18317 | D:10     | Reached skill level 9 in Spellcasting
 18519 | D:10     | HP: 2/51 [Josephine/ghostly fireball (25)]
 18520 | D:10     | Killed from afar by Josephine

Illustrated notes

Levels and vault maps discovered:
D:1:      dpeg_arrival_tiny_f, layout_basic, hellmonk_ecumenical_altar_lost_god
D:2:      layout_basic
D:3:      layout_rooms
D:4:      layout_loops_corners, grunt_temple_overflow_forces_of_nature,
          enter_ossuary_3, st_stairs_12
D:5:      layout_rooms
D:6:      layout_basic, okawaru_trees_2, interstate_on_off
D:7:      layout_cave_pools, nicolae_uskayaw_dance_studio,
          minmay_temple_entry_mini_moons
D:8:      layout_rooms, nemelex_spade_bored_becter, trog_three_pillars_becter,
          lair_entry_dummy, minivault_27, minmay_misc_feat_rows
D:9:      layout_long_grid, nicolae_overflow_hidden_temple,
          lemuel_zombie_altar_kikubaaqudgha, nicolae_ru_sacrificial_ziggurat,
          kennysheep_generic_room_5
D:10:     layout_loops_cross, minmay_hollow_rounded_squares, uniq_urug,
          uniq_josephine
Lair:1:   layout_big_grid, kennysheep_rathole, minmay_lair_oklob_chamber,
          uniq_fannar

Skill      XL: |  1  2  3  4  5  6  7  8  9 10 |
---------------+-------------------------------+-----
Stealth        | 3 4 5 6 7 |  7.2
Spellcasting   | 5 6 7 8 9 |  9.0
Translocations | 2 3 4 5 6 |  6.3
Summonings     | 2 3 4 |  4.7
Dodging        | 3 4 5 6 7 |  7.3
Conjurations   | 2 3 4 5 6 |  6.3
Earth Magic    | 1 2 3 4 5 |  5.9
Fire Magic     | 1 2 3 4 5 |  5.7
Ice Magic      | 1 2 3 4 5 |  5.8
Fighting       | 2 |  2.5

Action                   |  1- 3 |  4- 6 |  7- 9 | 10-12 || total
-------------------------+-------+-------+-------+-------++-------
Melee: Dagger            |    11 |       |     4 |       ||    15
       Staff             |     8 |       |       |       ||     8
 Cast: Magic Dart        |   108 |   232 |   326 |    31 ||   697
       Mephitic Cloud    |       |     1 |    17 |    17 ||    35
       Conjure Flame     |       |     2 |    22 |    11 ||    35
       Blink             |       |       |     1 |     1 ||     2
       Searing Ray       |       |       |    16 |    60 ||    76
       Fulminant Prism   |       |       |       |    13 ||    13
Invok: Curse Item        |     2 |     1 |     3 |       ||     6
  Use: Scroll            |     2 |     2 |       |       ||     4
 Stab: Sleeping          |     1 |       |       |       ||     1
Armor: Robe              |    11 |     3 |     3 |       ||    17
Dodge: Dodged            |    35 |    20 |    42 |    20 ||   117

Table legend: (Time is in decaauts)
 A = Elapsed time spent in this place.
 B = Non-inter-level travel time spent in this place.
 C = Inter-level travel time spent in this place.
 D = Time resting spent in this place.
 E = Time spent auto-exploring this place.
 F = Levels seen in this place.
 G = Mean time per level.
                   A        B        C        D        E       F      G
               +--------+--------+--------+--------+--------+-----+--------+
         Total |  18533 |  17998 |    535 |  11277 |   4418 |  12 | 1544.4 |
       Dungeon |  15050 |  14515 |    535 |   8416 |   4266 |  10 | 1505.0 |
          Lair |   1805 |   1805 |      0 |   1481 |     50 |   1 | 1805.0 |
       Ossuary |   1677 |   1677 |      0 |   1380 |    102 |   1 | 1677.0 |
               +--------+--------+--------+--------+--------+-----+--------+

Top non-repeatable levels by time:
     D:1: 2667 daAuts
     D:9: 1950 daAuts
     D:5: 1889 daAuts
     D:7: 1815 daAuts
  Lair:1: 1805 daAuts
 Ossuary: 1677 daAuts
     D:2: 1390 daAuts
     D:6: 1389 daAuts
     D:3: 1304 daAuts
     D:4: 1203 daAuts
     D:8: 1033 daAuts
    D:10: 406 daAuts
